 Dungeon Crawl Stone Soup version 0.26-a0-651-gb41185065b (webtiles) character file.

Game seed: 2401913907280519081

17754 Inarius the Severer (level 12, -3/105 (106) HPs)
             Began as a Purple Draconian Chaos Knight on Oct 23, 2020.
             Was a Plaything of Xom.
             Slain by a freezing wraith (5 damage)
             ... in an ice cave.
             The game lasted 00:23:01 (19254 turns).

Inarius the Severer (DrCK)                         Turns: 19254, Time: 00:23:02

HP:   -3/105 (106)  AC:  9    Str: 24 (25) XL:     12   Next: 21%
MP:   12/12         EV: 15    Int: 12 (15) God:    Xom [...*..]
Gold: 812           SH:  4    Dex: 11 (13) Spells: 11/11 levels left

rFire    + . .     SeeInvis .   y - +3 broad axe (chaos)
rCold    . . .     Faith    .   f - +0 buckler
rNeg     + . .     Spirit   .   (armour unavailable)
rPois    +         Reflect  .   (helmet restricted)
rElec    .         Harm     .   (no cloak)
rCorr    .         Rampage  .   (no gloves)
MR       ++...     Clarity  +   u - +0 pair of boots
Stlth    +.........             s - amulet of the Dragon {rPois rN+ Regen+}
HPRegen  0.67/turn              d - ring of protection from fire
MPRegen  0.13/turn              a - +6 ring of strength

@: flying, slowed, very slow
A: breathe power, unfitting armour, big wings, fangs 1, agile 1, blurry vision
1, clarity, clever 1, deterioration 2, magic resistance 1, poison resistance,
cold-blooded, AC +8
a: Breathe Dispelling Energy, Stop Flying, Renounce Religion


You were in an ice cave.
You worshipped Xom.
You were a favourite toy of Xom.
You visited 2 branches of the dungeon, and saw 13 of its levels.
You also visited: Sewer and Ice Cave.

You collected 836 gold pieces.
You spent 24 gold pieces at shops.

Inventory:

Hand Weapons
 y - a +3 broad axe of chaos (weapon)
 E - a +7 flail of chaos
Missiles
 e - a boomerang of dispersal (quivered)
 o - 2 throwing nets
Armour
 f - a +0 buckler (worn)
 u - a +0 pair of boots (worn)
Jewellery
 a - a +6 ring of strength (right hand)
 d - a ring of protection from fire (left hand)
 h - an uncursed ring of poison resistance
 s - the amulet of the Dragon (around neck) {rPois rN+ Regen+}
   (Xom gifted it to you on level 1 of the Lair of Beasts)

   [amulet of regeneration]

   It protects you from poison.
   It protects you from negative energy.
   It increases your rate of regeneration.
 D - an uncursed ring of resist corrosion
Wands
 m - a wand of random effects (16)
 n - a wand of disintegration (6)
 q - a wand of flame (14)
 C - a wand of paralysis (5)
Scrolls
 g - 2 scrolls of noise
 k - 2 scrolls of remove curse
 l - 2 scrolls of blinking
 w - 2 scrolls of enchant armour {unknown}
 x - a scroll of fog
 A - 2 scrolls of teleportation
 B - 3 scrolls of magic mapping
 F - a scroll of amnesia {unknown}
 G - 2 scrolls of immolation
 H - a scroll of fear {unknown}
Potions
 b - a potion of haste
 c - a potion of brilliance
 i - 2 potions of might
 j - 5 potions of heal wounds
 p - 5 potions of lignification {unknown}
 r - 2 potions of cancellation {unknown}
 t - a potion of resistance
 v - a potion of curing


   Skills:
 + Level 9.7 Fighting
 * Level 15.0 Axes
 + Level 0.6 Throwing
 + Level 7.8 Dodging
 - Level 0.3 Stealth
 + Level 2.2 Shields
 * Level 7.1 Evocations


You had 11 spell levels left.
You didn't know any spells.
Your spell library contained the following spells:

 Spells                   Type           Power        Failure   Level
 Animate Skeleton         Necr           #.....       38%         1
 Apportation              Tloc           #.....       38%         1
 Corona                   Hex            #......      38%         1
 Magic Dart               Conj           #...         38%         1
 Sandblast                Erth           #.....       38%         1
 Sting                    Tmut/Pois      #...         38%         1
 Summon Small Mammal      Summ           #...         38%         1
 Blink                    Tloc           N/A          52%         2
 Call Imp                 Summ           #.......     52%         2
 Passwall                 Tmut/Erth      #.......     52%         2
 Poisonous Vapours        Pois/Air       #.....       52%         2
 Slow                     Hex            #.......     52%         2
 Conjure Flame            Conj/Fire      #.......     77%         3
 Ignite Poison            Fire/Tmut/Pois #.......     77%         3
 Mephitic Cloud           Conj/Pois/Air  #.......     77%         3
 Stone Arrow              Conj/Erth      #.....       77%         3
 Olgreb's Toxic Radiance  Pois           #.......     99%         4
 Petrify                  Tmut/Erth      #.......     99%         4
 Summon Lightning Spire   Summ/Air       #.......     99%         4
 Lee's Rapid Deconstruct  Erth           #.........   100%        5
 Silence                  Hex/Air        #.........   100%        5
 Conjure Ball Lightning   Conj/Air       #.........   100%        6
 Tornado                  Air            #.........   100%        9


Dungeon Overview and Level Annotations

Branches:
Dungeon (11/15)            Temple (0/1) D:7            Lair (2/6) D:10
    Orc (0/2) D:10          Sewer (visited)           IceCv (1/1)
  Swamp: Lair:2-4    Shoals: Lair:2-4     Snake: Lair:2-4    Spider: Lair:2-4

Altars:
Cheibriados
Fedhas
Gozag
Hepliaklqana
Makhleb
Qazlal
Ru
Sif Muna
Uskayaw
Wu Jian
Xom
Yredelemnul
Zin

Shops:
D:8 *

Annotations:
D:8 2 transporters
D:9 exclusion: 3 oklob plants


Innate Abilities, Weirdness & Mutations

You can breathe bolts of dispelling energy.
Your rich purple scales are hard. (AC +8)
You cannot fit into any form of body armour.
You are cold-blooded and may be slowed by cold attacks.
Your large and strong wings let you fly indefinitely.
You have very sharp teeth.
You are agile. (Dex +2)
Scrolls take you a little longer to read.
You possess an exceptional clarity of mind.
Your mind is acute. (Int +2)
Your body often deteriorates upon taking damage.
You are resistant to hostile enchantments. (MR+)
Your system is resistant to poisons. (rPois)


Message History

The freezing wraith hits you but does no damage.
The freezing wraith completely misses you.
The freezing wraith closely misses you. The freezing wraith misses you.
You begin reading the scroll.
You continue reading the scroll.
The freezing wraith barely misses you. The freezing wraith hits you.
* * * LOW HITPOINT WARNING * * *
The freezing wraith closely misses you. The freezing wraith barely misses you.
Press: ? - help, Dir - move target cursor
As you read the scroll of blinking, it crumbles to dust.
The freezing wraith misses you. x2
The freezing wraith barely misses you. The freezing wraith closely misses you.
The freezing wraith hits you!
* * * LOW HITPOINT WARNING * * *
The freezing wraith freezes you!
* * * LOW HITPOINT WARNING * * *
Your body deteriorates!
You feel clumsy. The freezing wraith barely misses you.
The freezing wraith misses you. The freezing wraith hits you.
You die...
Xom roars with laughter!

* *≈ ** ******, *
≈*#..####§W..# * ≈≈ ≈ ≈
* * *,* ≈≈##..# ##W..#
*≈ ≈≈≈≈≈≈≈≈≈ ***
≈≈##..## ##.## ** ≈* *≈≈
≈≈≈≈≈≈##...# ###
***####*≈≈ ≈≈*≈ ##....##
##..## *####*#......#
##....#####..####.....##
#.......##....##.......#
#.∩.∩.......#.@W.......#
#..........###.W.......#
##....##..## ###......##
##..###### ##.....# ####
*......# *#....## #..##
*###


You could see 2 freezing wraiths.

Vanquished Creatures
  Harold (D:9)
  A two-headed ogre (D:11)
  Nergalle (D:10)
  An unseen horror (D:11)
  A cyclops (D:10)
  A cane toad (shapeshifter) (D:8)
  2 gargoyles (D:10)
  A kobold demonologist (D:11)
  A cane toad (D:10)
  2 komodo dragons
  A meliai (D:10)
  A wolf spider simulacrum (IceCv)
  2 hippogriffs
  A wyvern (D:10)
  A basilisk (D:11)
  14 yaks
  Eustachio (D:5)
  A steam dragon (D:10)
  2 wargs (D:9)
  A death yak simulacrum (IceCv)
  A hell hound (D:11)
  3 water moccasins
  An acid dragon (D:11)
  4 porcupines
  A floating eye (D:9)
  A hornet zombie (D:7)
  5 orc warriors
  A phantom (D:4)
  5 sky beasts
  A black bear (D:10)
  10 ice beasts
  A necrophage (D:11)
  4 wolves
  4 ogres
  5 centaurs
  5 big kobolds
  6 crocodiles
  7 bullfrogs
  3 scorpions
  A swamp dragon simulacrum (IceCv)
  3 wights (D:8)
  15 killer bees
  2 howler monkeys
  A crimson imp (IceCv)
  A bullfrog zombie (D:8)
  4 jellies
  5 orc priests
  A gnoll shaman (D:7)
  8 hounds
  13 orc wizards
  2 bullfrog skeletons (D:5)
  2 centaur skeletons
  2 iguanas (D:8)
  7 worker ants
  Natasha (thrice) (D:3)
  2 polar bear simulacra (IceCv)
  A hound zombie (D:6)
  A howler monkey zombie (D:9)
  Robin (D:3)
  13 adders
  18 gnolls
  5 river rats
  A shadow imp (D:6)
  20 white imps
  An ooze (D:3)
  An ufetubus (D:8)
  2 adder skeletons
  6 worms
  4 dart slugs
  8 leopard geckos
  58 orcs
  9 giant cockroaches
  14 goblins
  4 hobgoblins
  9 jackals
  21 kobolds
  4 quokkas
  6 bats
  6 frilled lizards
  6 rats
396 creatures vanquished.

Vanquished Creatures (collateral kills)
  A phantom (D:9)
  A gnoll (D:4)
  A dart slug (D:5)
  A leopard gecko (D:5)
  A jackal skeleton (D:5)
5 creatures vanquished.

Vanquished Creatures (others)
  An orc warrior (D:8)
  A goblin (D:3)
  56 fungi
  57 plants
115 creatures vanquished.

Grand Total: 516 creatures vanquished

Notes
Turn   | Place    | Note
-------+----------+-------------------------------------------
     0 | D:1      | Inarius the Draconian Chaos Knight began the quest for the
                  | Orb.
     0 | D:1      | Reached XP level 1. HP: 19/19 MP: 1/1
   120 | D:1      | Reached XP level 2. HP: 12/26 MP: 2/2
   734 | D:2      | Found a sacrificial altar of Ru.
   744 | D:2      | Reached XP level 3. HP: 28/33 MP: 3/3
  1139 | D:2      | XOM: god gift: ring mail {god gift}
  1205 | D:2      | Found a burning altar of Makhleb.
  1213 | D:2      | Found a snail-covered altar of Cheibriados.
  1213 | D:2      | Found a hazy altar of Hepliaklqana.
  1227 | D:2      | Found a hide-covered altar of Uskayaw.
  1230 | D:2      | Found a stormy altar of Qazlal.
  1527 | D:3      | Noticed Natasha
  1541 | D:3      | Killed Natasha
  1541 | D:3      | Reached skill level 4 in Axes
  1542 | D:3      | Found a blossoming altar of Fedhas.
  1584 | D:3      | XOM: 1-stop teleportation journey
  1584 | D:3      | Noticed Natasha
  1587 | D:3      | Reached skill level 8 in Axes
  1587 | D:3      | Reached skill level 5 in Dodging
  1587 | D:3      | Reached XP level 4. HP: 23/45 MP: 4/4
  1589 | D:3      | Reached XP level 5. HP: 27/51 MP: 5/5
  1594 | D:3      | Killed Natasha
  1756 | D:3      | XOM: 2-stop teleportation journey
  1756 | D:3      | Noticed Natasha
  1761 | D:3      | XOM: noise
  1765 | D:3      | XOM: summons 2 friendly demons
  1768 | D:3      | Killed Natasha
  1817 | D:3      | XOM: potion effect (brilliance)
  1832 | D:3      | Reached skill level 9 in Axes
  1832 | D:3      | Reached XP level 6. HP: 9/58 MP: 6/6
  1886 | D:3      | Found a glowing drain.
  1890 | Sewer    | Entered a sewer
  2226 | Sewer    | XOM: potion effect (might)
  2338 | Sewer    | Found a glowing silver altar of Zin.
  2495 | D:3      | Noticed Robin
  2508 | D:3      | Killed Robin
  2580 | D:3      | Found a stormy altar of Qazlal.
  2885 | D:3      | XOM: silly message
  3113 | D:3      | XOM: divination: detect creatures
  3505 | D:4      | Your scales start taking on a rich purple colour.
  3505 | D:4      | Reached XP level 7. HP: 61/66 MP: 7/7
  3858 | D:4      | XOM: cloud trail
  4036 | D:4      | XOM: cast spell 'Summon Ice Beast'
  4398 | D:4      | Reached skill level 1 in Evocations
  4839 | D:5      | Entered Level 5 of the Dungeon
  4896 | D:5      | Found an ornate altar of the Wu Jian Council.
  4912 | D:5      | Reached XP level 8. HP: 70/73 MP: 8/8
  5057 | D:5      | Reached skill level 10 in Axes
  5115 | D:5      | XOM: god gift: scroll labeled QOGISEKKUTSA {god gift}
  5282 | D:5      | Noticed Eustachio
  5283 | D:5      | XOM: summons friendly quasit
  5301 | D:5      | Killed Eustachio
  5356 | D:5      | Found a hazy altar of Hepliaklqana.
  5581 | D:5      | XOM: god gift: runed broad axe {god gift}
  6192 | D:5      | Found a glowing silver altar of Zin.
  6289 | D:5      | XOM: give mutations
  6289 | D:5      | Gained mutation: You are dopey. (Int -2) [Xom's mischief]
  6289 | D:5      | Gained mutation: Your spells are a little easier to cast,
                  | but a little less powerful. [Xom's mischief]
  6289 | D:5      | Gained mutation: Your large and strong wings let you fly
                  | indefinitely. [Xom's mischief]
  6302 | D:6      | XOM: polymorph gnoll -> dart slug
  6737 | D:6      | Found a shimmering altar of Xom.
  6760 | D:6      | Found a basalt altar of Yredelemnul.
  6760 | D:6      | Found an opulent altar of Gozag.
  7027 | D:6      | XOM: cloud trail
  7244 | D:6      | XOM: divination: detect items
  7469 | D:7      | XOM: summons friendly crimson imp
  7477 | D:7      | Reached XP level 9. HP: 69/79 MP: 9/9
  7667 | D:7      | XOM: 4-stop teleportation journey
  8022 | D:7      | XOM: cloud trail
  8117 | D:7      | XOM: god gift: wand of acid (4)
  8199 | D:7      | XOM: noise
  8207 | D:7      | Found a staircase to the Ecumenical Temple.
  8221 | D:7      | Reached skill level 11 in Axes
  8671 | D:8      | Noticed a cane toad
  8671 | D:8      | a shapeshifter changed into a cane toad
  8676 | D:8      | Killed a cane toad
  8695 | D:8      | XOM: confusion
  8958 | D:8      | Found a transporter.
  8960 | D:8      | Noticed a manticore
  8960 | D:8      | Noticed a freezing wraith
  8966 | D:8      | Noticed a troll
  9381 | D:8      | XOM: divination: magic mapping
  9587 | D:8      | XOM: confuse monster(s)
  9685 | D:8      | Found a transporter.
  9695 | D:8      | Noticed a cyclops
  9711 | D:8      | Found Enad's General Store.
  9730 | D:8      | Noticed a glowing orange brain
  9730 | D:8      | a cyclops changed into a glowing orange brain
  9761 | D:8      | Noticed a lindwurm
  9761 | D:8      | a glowing orange brain changed into a lindwurm
  9771 | D:8      | Noticed a moth of wrath
  9771 | D:8      | a lindwurm changed into a moth of wrath
  9776 | D:8      | Found a shimmering blue altar of Sif Muna.
  9852 | D:8      | XOM: noise
  9928 | D:8      | Reached XP level 10. HP: 22/88 MP: 10/10
 10287 | D:8      | Noticed an elephant
 10288 | D:8      | Bought a scroll of identify for 24 gold pieces
 10316 | D:8      | XOM: 1-stop teleportation journey
 10342 | D:8      | XOM: noise
 10343 | D:8      | XOM: chaos upgrade
 10557 | D:8      | Noticed a lindwurm
 10566 | D:8      | Noticed a moth of wrath
 10566 | D:8      | a lindwurm changed into a moth of wrath
 10588 | D:9      | Noticed an oklob plant
 10588 | D:9      | Noticed an oklob plant
 10590 | D:9      | XOM: summons 4 hostile shadow creatures
 10625 | D:8      | Reached skill level 1 in Shields
 10794 | D:9      | Reached skill level 12 in Axes
 10834 | D:9      | XOM: god gift: purple potion {god gift}
 10840 | D:9      | XOM: summons 1 hostile demon
 10974 | D:9      | XOM: enchant monster (bad)
 11067 | D:9      | Got a twisted rapier
 11182 | D:9      | XOM: summons 1 hostile demon
 11247 | D:8      | Noticed a sea snake
 11262 | D:8      | Noticed an elephant
 11262 | D:8      | a sea snake changed into an elephant
 11337 | D:9      | Paralysed by a floating eye for 4 turns
 11343 | D:9      | Paralysed by a floating eye for 4 turns
 11412 | D:9      | Paralysed by a floating eye for 2 turns
 11426 | D:9      | Noticed an oklob plant
 11427 | D:9      | Paralysed by a floating eye for 2 turns
 11436 | D:9      | Paralysed by a floating eye for 3 turns
 11660 | D:10     | Entered Level 10 of the Dungeon
 11668 | D:10     | Found a burning altar of Makhleb.
 11699 | D:10     | XOM: silly message
 11834 | D:10     | XOM: enchant monster (good)
 11906 | D:10     | Found a staircase to the Lair.
 11906 | D:10     | XOM: 1-stop teleportation journey
 11906 | D:10     | Noticed Harold
 11908 | D:10     | Noticed a gargoyle
 11908 | D:10     | Found a staircase to the Orcish Mines.
 11927 | D:10     | XOM: noise
 11991 | D:10     | Killed a gargoyle
 12420 | D:9      | XOM: give mutations
 12420 | D:9      | Lost mutation: You are dopey. (Int -2) [Xom's mischief]
 12420 | D:9      | Gained mutation: Your body sometimes deteriorates upon
                  | taking damage. [Xom's mischief]
 12487 | D:9      | Killed Harold
 12737 | D:9      | XOM: summons friendly iron imp
 12751 | D:9      | Reached skill level 13 in Axes
 12819 | D:9      | XOM: give mutations
 12819 | D:9      | Gained mutation: Your body often deteriorates upon taking
                  | damage. [Xom's mischief]
 12819 | D:9      | Lost mutation: Your spells are a little easier to cast, but
                  | a little less powerful. [Xom's mischief]
 12819 | D:9      | Gained mutation: Scrolls take you a little longer to read.
                  | [Xom's mischief]
 13009 | D:10     | XOM: silly message
 13010 | D:10     | XOM: swap monsters
 13013 | D:10     | Reached skill level 5 in Evocations
 13047 | D:10     | Noticed a gargoyle
 13055 | D:10     | Killed a gargoyle
 13055 | D:10     | Reached XP level 11. HP: 50/95 MP: 11/11
 13256 | D:10     | XOM: silly message
 13485 | D:10     | XOM: enchant monster (bad)
 14179 | D:10     | XOM: divination: detect creatures
 14180 | D:10     | XOM: enchant monster (bad)
 14411 | D:10     | XOM: 3-stop teleportation journey
 15104 | D:11     | Noticed Nergalle
 15325 | D:11     | XOM: summons 3 friendly demons
 15329 | D:11     | XOM: summons friendly iron imp
 15335 | D:11     | XOM: cast spell 'Monstrous Menagerie'
 15338 | D:11     | XOM: scenery: summon butterflies
 15343 | D:10     | XOM: polymorph yak -> meliai
 15499 | D:10     | XOM: give mutation
 15499 | D:10     | Gained mutation: Your mind is acute. (Int +2) [Xom's grace]
 15538 | D:11     | XOM: divination: detect items
 15885 | D:10     | Killed Nergalle
 15885 | D:10     | Reached skill level 14 in Axes
 15972 | D:10     | XOM: give mutations
 15972 | D:10     | Gained mutation: You possess an exceptional clarity of
                  | mind. [Xom's grace]
 15972 | D:10     | Gained mutation: Your system is resistant to poisons.
                  | (rPois) [Xom's grace]
 15981 | D:10     | XOM: scenery: summon butterflies
 16009 | D:11     | XOM: confuse monster(s)
 16170 | D:11     | XOM: summons friendly iron imp
 16824 | D:11     | XOM: enchant monster (good)
 16840 | D:11     | XOM: divination: magic mapping
 17144 | D:11     | XOM: 1-stop teleportation journey
 17186 | D:11     | Killed an unseen horror
 17208 | D:11     | XOM: god gift: rapier {god gift}
 17218 | D:11     | Noticed a two-headed ogre
 17232 | D:11     | Killed a two-headed ogre
 17746 | D:11     | XOM: divination: magic mapping
 17870 | D:11     | XOM: silly message
 18012 | Lair:1   | Entered Level 1 of the Lair of Beasts
 18012 | Lair:1   | XOM: confuse monster(s)
 18074 | D:10     | Reached XP level 12. HP: 56/104 MP: 12/12
 18323 | Lair:1   | XOM: god gift: flickering ruby amulet {god gift}
 18326 | Lair:1   | Got a flickering ruby amulet {god gift}
 18332 | Lair:1   | Identified the amulet of the Dragon {rPois rN+ Regen+} (Xom
                  | gifted it to you on level 1 of the Lair of Beasts)
 18682 | Lair:1   | XOM: give mutations
 18682 | Lair:1   | Gained mutation: You are agile. (Dex +2) [Xom's grace]
 18682 | Lair:1   | Gained mutation: You have very sharp teeth. [Xom's grace]
 18682 | Lair:1   | Gained mutation: You are resistant to hostile enchantments.
                  | (MR+) [Xom's grace]
 18989 | Lair:2   | Found a frozen archway.
 18994 | Lair:2   | XOM: noise
 19028 | IceCv    | Entered an ice cave
 19030 | IceCv    | XOM: divination: magic mapping
 19034 | IceCv    | Reached skill level 15 in Axes
 19059 | IceCv    | XOM: divination: detect creatures
 19173 | IceCv    | XOM: polymorph ice beast -> wolf
 19254 | IceCv    | HP: 2/105 [freezing wraith (16)]
 19254 | IceCv    | Slain by a freezing wraith

Illustrated notes

Levels and vault maps discovered:
D:1:      saegor_arrival_simple_a, layout_basic
D:2:      layout_loops_ring, minmay_overflow_temple_star_hex,
          nicolae_ru_awakened_eye
D:3:      layout_loops_ring, overflow_temple_1_default,
          lightli_sewer_entry_pipes, grunt_qazlal_clouds, uniq_robin,
          uniq_natasha
D:4:      layout_loops_corners, minmay_curled_crystal, roderic_lattice_a
D:5:      layout_loops_corners, zin_statuary, kennysheep_mini, basic_altar,
          uniq_eustachio
D:6:      layout_cave_pods, gammafunk_temple_overflow_wave,
          nicolae_overflow_hidden_temple, kennysheep_nub
D:7:      layout_gridville, minmay_temple_entry_wispy, nicolae_underground_beach
D:8:      gammafunk_sealed_arena, layout_loops_ring, kennysheep_mini_moat,
          serial_shops, shop
D:9:      layout_rooms, serial_bayou_pond_a, disabler_island
D:10:     layout_layer_cave, due_lair_maze_entry_diamond,
          minmay_orc_entry_guard_dogs, basic_altar, uniq_harold
D:11:     layout_basic, uniq_nergalle
Lair:1:   layout_hall_layers
Lair:2:   layout_regular_city, portal_ice_cave_entry_imps,
          minmay_lair_oklob_items, grunt_megastairs_2
IceCv:    ice_cave_small_necro

Skill      XL: |  1  2  3  4  5  6  7  8  9 10 11 12 |
---------------+-------------------------------------+-----
Axes           | 8 9 10 11 13 14 15 | 15.0
Fighting       | 6 7 8 9 |  9.7
Dodging        | 5 6 7 |  7.8
Evocations     | 1 2 3 5 6 7 |  7.1
Shields        | 1 2 |  2.2
Throwing       | |  0.6
Stealth        | |  0.3

Action                   |  1- 3 |  4- 6 |  7- 9 | 10-12 || total
-------------------------+-------+-------+-------+-------++-------
Melee: Hand axe          |    75 |   225 |   236 |       ||   536
       Tailslap          |     9 |    23 |    54 |    59 ||   145
       Broad axe         |       |       |   237 |   460 ||   697
       Bite              |       |       |       |     9 ||     9
Throw: Boomerang         |       |       |     4 |       ||     4
 Abil: Breathe Dispellin |       |       |     3 |       ||     3
       Fly               |       |       |     1 |       ||     1
Evoke: Wand              |       |       |     4 |    16 ||    20
  Use: Scroll            |     3 |     2 |     9 |    13 ||    27
       Potion            |     1 |     1 |     1 |       ||     3
 Stab: Paralysed         |       |     1 |     1 |     7 ||     9
       Sleeping          |       |     1 |     5 |       ||     6
       Petrified         |       |       |     6 |     1 ||     7
       Petrifying        |       |       |     1 |       ||     1
       Distracted        |       |       |     1 |       ||     1
       Confused          |       |       |     1 |     4 ||     5
Armor: Skin              |    22 |    32 |   107 |   119 ||   280
Dodge: Dodged            |    67 |   113 |   276 |   322 ||   778
Block: Buckler           |       |       |    38 |    70 ||   108

Table legend: (Time is in decaauts)
 A = Elapsed time spent in this place.
 B = Non-inter-level travel time spent in this place.
 C = Inter-level travel time spent in this place.
 D = Time resting spent in this place.
 E = Time spent auto-exploring this place.
 F = Levels seen in this place.
 G = Mean time per level.
                   A        B        C        D        E       F      G
               +--------+--------+--------+--------+--------+-----+--------+
         Total |  19338 |  18716 |    622 |   6601 |   8993 |  15 | 1289.2 |
       Dungeon |  17719 |  17122 |    597 |   6187 |   8251 |  11 | 1610.8 |
          Lair |    791 |    767 |     24 |     27 |    595 |   2 |  395.5 |
         Sewer |    599 |    599 |      0 |    267 |    146 |   1 |  599.0 |
      Ice Cave |    227 |    227 |      0 |    119 |      0 |   1 |  227.0 |
               +--------+--------+--------+--------+--------+-----+--------+

Top non-repeatable levels by time:
    D:10: 4320 daAuts
     D:8: 1802 daAuts
     D:9: 1699 daAuts
     D:4: 1699 daAuts
     D:7: 1686 daAuts
     D:5: 1454 daAuts
    D:11: 1288 daAuts
     D:6: 1146 daAuts
     D:3: 1105 daAuts
     D:2: 828 daAuts
  Lair:1: 697 daAuts
     D:1: 685 daAuts
   Sewer: 599 daAuts
   IceCv: 227 daAuts
  Lair:2: 94 daAuts
